NULL
Full Scoreboard »»

Flyers vs Maple Leafs

Created - April 16, 2024 at 22:59

Goals
1 2 3 T
Flyers 0 3 1 4
Maple Leafs 1 1 1 3
Shots
1 2 3 T
Flyers 9 13 16 38
Maple Leafs 13 10 11 34

GoalsPenalties
1st period
1. Maple Leafs , Michael Bunting 28 (Carter Verhaeghe 27, Nick Suzuki 31) at 4:14
William Nylander (TOR) for Tripping (Minor) at 17:20
2nd period
2. Flyers , Hampus Lindholm 7 (Evgeni Malkin 26, Nathan MacKinnon 37) at 5:43 (PP)
3. Flyers , Travis Konecny 14 (Pierre-Luc Dubois 30) at 5:53
4. Flyers , Travis Konecny 15 (Pierre-Luc Dubois 31) at 14:41
5. Maple Leafs , Nick Suzuki 23 (Sean Durzi 11, Ryan Graves 17) at 19:58
Ryan Graves (TOR) for Delaying the game (Minor) at 2:20
Ross Colton (TOR) for Tripping (Minor) at 4:29
Dylan Strome (TOR) for Hooking (Minor) at 7:37
3rd period
6. Maple Leafs , Calle Jarnkrok 3 (Nicklas Backstrom 22, Morgan Rielly 27) at 1:04
7. Flyers , Evgenii Dadonov 12 (Jordan Martinook 21, Conor Sheary 20) at 4:00
Dylan Strome (TOR) for Holding (Minor) at 11:05
Jordan Martinook (PHI) for Elbowing (Minor) at 15:41
Goalie Stats
Laurent Brossoit (PHI), 31 saves from 34 shots - (0.912), W, 16-16-4, 60:00 minutes
Marc-Andre Fleury (TOR), 34 saves from 38 shots - (0.895), L, 35-14-3, 59:59 minutes
3 StarsOfficial
1 - Travis Konecny (PHI)
2 - Nick Suzuki (TOR)
3 - Pierre-Luc Dubois (PHI)
Referees : Unknown
Linesman : Unknown
Game Note
No Game Note



Team Name Goals Shots Shots Attemp Shots Blocked PIM HIT PP PK FO%
Flyers 43878102311 / 5 (20%)041%
Maple Leafs 334571310250 / 1 (0%)159%

Flyers
Player Name POS G A P +/- PIM HIT SHT SB MP PP MP PP SHT PK MP PK SHT FO% FOT GA TA
Chris KreiderC/LW/RW000-1062219:525:5410:4800% 010
Conor ShearyLW/RW0110014114:380:0000:570100% 212
Craig SmithC/LW/RW000000007:320:0000:2300% 000
Emil BemstromC/LW/RW000001309:500:0000:450100% 210
Eric RobinsonLW/RW000001007:090:0000:0000% 000
Evgeni MalkinC/LW/RW011-1015019:045:5420:0000% 121
Evgenii DadonovLW/RW1010022016:420:0001:0500% 101
Hampus LindholmD1010001024:366:0611:0300% 011
J.T. CompherC/LW/RW0001001116:113:1600:0000% 000
Jake WalmanD0000012017:392:4600:0000% 011
Jamie OleksiakD0000004120:283:1000:5610% 011
Jordan MartinookC/LW0110243015:360:0000:00050% 2000
Justin HollD0000011116:420:1800:0000% 000
Nathan MacKinnonC/LW/RW011-1025119:045:5400:00029% 1410
Pierre-Luc DuboisC/LW/RW0221050016:113:1600:00033% 2102
Ryan SuterD0000020124:306:0001:0300% 010
Scott MayfieldD0000022016:050:0000:5600% 000
Travis KonecnyLW/RW2021023216:113:1600:0000% 000
Maple Leafs
Player Name POS G A P +/- PIM HIT SHT SB MP PP MP PP SHT PK MP PK SHT FO% FOT GA TA
Andrew PeekeD0001024115:310:0000:2500% 010
Calle JarnkrokC/LW/RW101001309:090:0001:0600% 010
Carter VerhaegheC/LW/RW0112022014:280:5200:1600% 000
Dawson MercerC/RW0000031014:000:0002:08075% 410
Dylan StromeC/LW000-2432018:480:5202:33059% 2901
Jake BeanD0001001016:170:0001:1200% 000
Jason SpezzaC000001007:220:0000:00050% 200
Jonathan MarchessaultC/LW/RW000-2013121:431:0704:3200% 000
Kris LetangD000-1031122:550:5505:0100% 000
Michael BuntingLW/RW1012013114:120:5200:0000% 010
Morgan RiellyD011-1011222:550:5515:0100% 005
Nick SuzukiC/RW1122033019:251:0704:22075% 1210
Nicklas BackstromC/RW011001207:220:0000:0000% 000
Ross ColtonC/LW/RW0000210111:510:0000:0000% 002
Ryan GravesD0110211420:381:0402:4800% 002
Sean DurziD0110001121:441:0403:5300% 000
Will SmithC0000000011:520:0000:00043% 710
William NylanderC/LW/RW000-2216120:331:0703:23043% 730

Flyers

5 vs 5 Forward
Line #Left WingCenterRight WingPHYDFOFWanted %Time %Time Play
1Evgeni MalkinNathan MacKinnonChris Kreider1223026%12:47
2Travis KonecnyPierre-Luc DuboisJ.T. Compher1223031%14:51
3Conor ShearyJordan MartinookEvgenii Dadonov1223028%13:41
4Craig SmithEmil BemstromEric Robinson1221015%7:09
5 vs 5 Defense
Line #DefenseDefensePHYDFOFWanted %Time %Time Play
1Hampus LindholmRyan Suter1223534%16:25
2Jamie OleksiakJustin Holl1223534%16:26
3Jake WalmanScott Mayfield1223031%14:51
4Hampus LindholmRyan Suter12202%0:46
Power Play Forward
Line #Left WingCenterRight WingPHYDFOFWanted %Time %Time Play
1Evgeni MalkinNathan MacKinnonChris Kreider1225064%5:54
2Travis KonecnyPierre-Luc DuboisJ.T. Compher1225036%3:16
Power Play Defense
Line #DefenseDefensePHYDFOFWanted %Time %Time Play
1Hampus LindholmRyan Suter1225065%6:00
2Jamie OleksiakJake Walman1225035%3:10
Penalty Kill 4 Players Forward
Line #CenterWingPHYDFOFWanted %Time %Time Play
1Jordan MartinookConor Sheary1225062%1:14
2Emil BemstromEvgenii Dadonov1225038%0:45
Penalty Kill 4 Players Defense
Line #DefenseDefensePHYDFOFWanted %Time %Time Play
1Jamie OleksiakScott Mayfield1225047%0:56
2Hampus LindholmRyan Suter1225053%1:03
Penalty Kill 3 Players
Line #WingPHYDFOFWanted %Time %Time PlayDefenseDefensePHYDFOFWanted %Time %Time Play
1Nathan MacKinnon122500%0:00 Hampus LindholmRyan Suter122500%0:00
2Evgeni Malkin122500%0:00 Jamie OleksiakJustin Holl122500%0:00
4 vs 4 Forward
Line #CenterWingPHYDFOFWanted %Time %Time Play
1Nathan MacKinnonEvgeni Malkin122500%0:00
2Chris KreiderPierre-Luc Dubois122500%0:00
4 vs 4 Defense
Line #DefensePHYDFOFWanted %Time %Time Play
1Hampus LindholmRyan Suter122500%0:00
2Jamie OleksiakJustin Holl122500%0:00
Last Minutes Offensive
Left WingCenterRight WingDefenseDefense
Evgeni MalkinNathan MacKinnonChris KreiderHampus LindholmRyan Suter
Last Minutes Defensive
Left WingCenterRight WingDefenseDefense
Evgeni MalkinNathan MacKinnonChris KreiderHampus LindholmRyan Suter
Time
Total ForwardTotal DefenseLast Minutes OffensiveLast Minutes Defensive
60:00 60:00 0:000:23
Extra Forwards
Normal PowerPlayPenalty Kill
Conor Sheary, Jordan Martinook, Evgenii DadonovConor Sheary, Jordan MartinookEvgenii Dadonov
Extra Defensemen
Normal PowerPlayPenalty Kill
Jake Walman, Scott Mayfield, Jamie OleksiakJake Walman, Scott MayfieldJamie Oleksiak
Penalty Shots
Nathan MacKinnon, Evgeni Malkin, Chris Kreider, Pierre-Luc Dubois, Travis Konecny
Goalie
Laurent Brossoit, Carter Hart
Custom OT Lines Forwards
Nathan MacKinnon, Evgeni Malkin, Chris Kreider, Pierre-Luc Dubois, Travis Konecny, J.T. Compher, Conor Sheary, Jordan Martinook, Evgenii Dadonov, Emil Bemstrom
Custom OT Lines Defensemen
Hampus Lindholm, Ryan Suter, Jamie Oleksiak, Justin Holl, Jake Walman
Scratches
Alexander Rykov (Healthy), Erik Gudbranson (Healthy), Sergei Murashov (Healthy)

Maple Leafs

5 vs 5 Forward
Line #Left WingCenterRight WingPHYDFOFWanted %Time %Time Play
1William NylanderDylan StromeJonathan Marchessault1223532%15:41
2Michael BuntingNick SuzukiCarter Verhaeghe1223028%13:33
3Ross ColtonWill SmithDawson Mercer1222024%11:52
4Calle JarnkrokJason SpezzaNicklas Backstrom1221515%7:22
5 vs 5 Defense
Line #DefenseDefensePHYDFOFWanted %Time %Time Play
1Kris LetangMorgan Rielly1133534%16:36
2Ryan GravesSean Durzi1223535%16:47
3Andrew PeekeJake Bean1313031%15:05
4Kris LetangMorgan Rielly12200%0:00
Power Play Forward
Line #Left WingCenterRight WingPHYDFOFWanted %Time %Time Play
1Jonathan MarchessaultWilliam NylanderNick Suzuki1225056%1:07
2Michael BuntingDylan StromeCarter Verhaeghe1225044%0:52
Power Play Defense
Line #DefenseDefensePHYDFOFWanted %Time %Time Play
1Kris LetangMorgan Rielly1225046%0:55
2Ryan GravesSean Durzi1225054%1:04
Penalty Kill 4 Players Forward
Line #CenterWingPHYDFOFWanted %Time %Time Play
1William NylanderJonathan Marchessault1225049%4:32
2Dylan StromeNick Suzuki1225051%4:38
Penalty Kill 4 Players Defense
Line #DefenseDefensePHYDFOFWanted %Time %Time Play
1Kris LetangMorgan Rielly1225058%5:17
2Ryan GravesSean Durzi1225042%3:53
Penalty Kill 3 Players
Line #WingPHYDFOFWanted %Time %Time PlayDefenseDefensePHYDFOFWanted %Time %Time Play
1William Nylander122500%0:00 Kris LetangMorgan Rielly122500%0:00
2Jonathan Marchessault122500%0:00 Ryan GravesSean Durzi122500%0:00
4 vs 4 Forward
Line #CenterWingPHYDFOFWanted %Time %Time Play
1William NylanderJonathan Marchessault122500%0:00
2Dylan StromeNick Suzuki122500%0:00
4 vs 4 Defense
Line #DefensePHYDFOFWanted %Time %Time Play
1Kris LetangMorgan Rielly122500%0:00
2Ryan GravesSean Durzi122500%0:00
Last Minutes Offensive
Left WingCenterRight WingDefenseDefense
Jonathan MarchessaultWilliam NylanderNick SuzukiKris LetangMorgan Rielly
Last Minutes Defensive
Left WingCenterRight WingDefenseDefense
Jonathan MarchessaultWilliam NylanderNick SuzukiKris LetangMorgan Rielly
Time
Total ForwardTotal DefenseLast Minutes OffensiveLast Minutes Defensive
60:00 60:00 0:230:00
Extra Forwards
Normal PowerPlayPenalty Kill
Calle Jarnkrok, Carter Verhaeghe, Dylan StromeJason Spezza, Will SmithDawson Mercer
Extra Defensemen
Normal PowerPlayPenalty Kill
Andrew Peeke, Jake Bean, Ryan GravesAndrew Peeke, Jake BeanRyan Graves
Penalty Shots
William Nylander, Jonathan Marchessault, Dylan Strome, Nick Suzuki, Michael Bunting
Goalie
Marc-Andre Fleury, Connor Ingram
Custom OT Lines Forwards
William Nylander, Jonathan Marchessault, Dylan Strome, Nick Suzuki, Michael Bunting, Carter Verhaeghe, Will Smith, Dawson Mercer, Jason Spezza, Ross Colton
Custom OT Lines Defensemen
Kris Letang, Morgan Rielly, Ryan Graves, Sean Durzi, Andrew Peeke
Scratches
Danton Heinen (Healthy), Matthew Highmore (Healthy), Arvid Soderblom (Healthy)


Play-by-Play

1st period


0:01 of 1st period - Nathan MacKinnon wins face-off versus Dylan Strome in neutral zone.
0:03 of 1st period - Off-side.
0:04 of 1st period - Dylan Strome wins face-off versus Nathan MacKinnon in neutral zone.
0:25 of 1st period - Kris Letang is hit by Chris Kreider and loses puck.
0:52 of 1st period - Snap shot by Travis Konecny.
0:52 of 1st period - Shot Blocked by Ryan Graves.
2:03 of 1st period - Icing by Dawson Mercer.
2:04 of 1st period - Jordan Martinook wins face-off versus Will Smith in Maple Leafs zone.
2:17 of 1st period - Snap shot by Jordan Martinook.
2:17 of 1st period - Stopped by Marc-Andre Fleury with a rebound.
2:19 of 1st period - Slapshot by Jamie Oleksiak.
2:19 of 1st period - Deflect By Conor Sheary.
2:19 of 1st period - Stopped by Marc-Andre Fleury without a rebound.
2:20 of 1st period - Dylan Strome wins face-off versus Pierre-Luc Dubois in Maple Leafs zone.
2:20 of 1st period - Dylan Strome is hit by Pierre-Luc Dubois.
2:28 of 1st period - Backhand shot by William Nylander.
2:28 of 1st period - Stopped by Laurent Brossoit with a rebound.
2:30 of 1st period - Slapshot by Andrew Peeke.
2:30 of 1st period - Stopped by Laurent Brossoit with a rebound.
2:32 of 1st period - Wrist shot by Jonathan Marchessault.
2:32 of 1st period - Shot Misses the Net.
2:34 of 1st period - Slapshot by Jake Bean.
2:34 of 1st period - Deflect By Travis Konecny.
2:34 of 1st period - Stopped by Laurent Brossoit without a rebound.
2:35 of 1st period - Nick Suzuki wins face-off versus Jordan Martinook in Flyers zone.
2:38 of 1st period - Wrist shot by Carter Verhaeghe.
2:38 of 1st period - Deflect By Nick Suzuki.
2:38 of 1st period - Stopped by Laurent Brossoit with a rebound.
2:40 of 1st period - Wrist shot by Jake Bean.
2:40 of 1st period - Shot Misses the Net.
2:42 of 1st period - Slapshot by Michael Bunting.
2:42 of 1st period - Stopped by Laurent Brossoit without a rebound.
2:43 of 1st period - Nick Suzuki wins face-off versus Jordan Martinook in Flyers zone.
2:56 of 1st period - Jordan Martinook is hit by Andrew Peeke and loses puck.
4:12 of 1st period - Snap shot by Carter Verhaeghe.
4:12 of 1st period - Shot Blocked by Conor Sheary.
4:14 of 1st period - Snap shot by Michael Bunting.
4:14 of 1st period - Goal by Michael Bunting - Flyers : 0 - Maple Leafs : 1.
4:15 of 1st period - Dylan Strome wins face-off versus Pierre-Luc Dubois in neutral zone.
4:48 of 1st period - Slapshot by Nathan MacKinnon.
4:48 of 1st period - Stopped by Marc-Andre Fleury with a rebound.
4:50 of 1st period - Snap shot by Evgeni Malkin.
4:50 of 1st period - Shot Misses the Net.
4:52 of 1st period - Snap shot by Nathan MacKinnon.
4:52 of 1st period - Shot Misses the Net.
4:54 of 1st period - Wrist shot by Nathan MacKinnon.
4:54 of 1st period - Shot Misses the Net.
6:46 of 1st period - Michael Bunting is hit by Evgenii Dadonov and loses puck.
7:24 of 1st period - Eric Robinson is hit by Morgan Rielly and loses puck.
7:50 of 1st period - Snap shot by Carter Verhaeghe.
7:50 of 1st period - Stopped by Laurent Brossoit without a rebound.
7:51 of 1st period - Jason Spezza wins face-off versus Nathan MacKinnon in Flyers zone.
8:33 of 1st period - Wrist shot by Evgeni Malkin.
8:33 of 1st period - Shot Misses the Net.
8:41 of 1st period - Carter Verhaeghe is hit by Evgeni Malkin and loses puck.
8:46 of 1st period - Snap shot by Evgeni Malkin.
8:46 of 1st period - Shot Blocked by Andrew Peeke.
8:56 of 1st period - Jake Bean is hit by Scott Mayfield and loses puck.
9:01 of 1st period - Snap shot by Nathan MacKinnon.
9:01 of 1st period - Shot Misses the Net.
9:07 of 1st period - Wrist shot by Evgeni Malkin.
9:07 of 1st period - Shot Misses the Net.
9:09 of 1st period - Snap shot by Evgeni Malkin.
9:09 of 1st period - Shot Misses the Net.
9:11 of 1st period - Slapshot by Jamie Oleksiak.
9:11 of 1st period - Stopped by Marc-Andre Fleury with a rebound.
9:27 of 1st period - Wrist shot by Michael Bunting.
9:27 of 1st period - Deflect By Carter Verhaeghe.
9:27 of 1st period - Shot Misses the Net.
9:27 of 1st period - Puck is out of play.
9:28 of 1st period - Pierre-Luc Dubois wins face-off versus Dylan Strome in Flyers zone.
10:12 of 1st period - Icing by Hampus Lindholm.
10:13 of 1st period - Emil Bemstrom wins face-off versus Jason Spezza in Flyers zone.
11:16 of 1st period - Scott Mayfield is hit by Kris Letang and loses puck.
11:43 of 1st period - Craig Smith is hit by Ross Colton and loses puck.
12:38 of 1st period - Off-side.
12:39 of 1st period - Pierre-Luc Dubois wins face-off versus Nick Suzuki in neutral zone.
12:42 of 1st period - Slapshot by Pierre-Luc Dubois.
12:42 of 1st period - Shot Misses the Net.
13:04 of 1st period - Jonathan Marchessault is hit by Jordan Martinook and loses puck.
13:25 of 1st period - Evgeni Malkin is hit by Dawson Mercer.
13:33 of 1st period - Snap shot by Evgeni Malkin.
13:33 of 1st period - Stopped by Marc-Andre Fleury with a rebound.
13:35 of 1st period - Slapshot by Evgeni Malkin.
13:35 of 1st period - Stopped by Marc-Andre Fleury with a rebound.
13:37 of 1st period - Slapshot by Ryan Suter.
13:37 of 1st period - Deflect By Evgeni Malkin.
13:37 of 1st period - Shot Misses the Net.
13:37 of 1st period - Puck is out of play.
13:38 of 1st period - Pierre-Luc Dubois wins face-off versus William Nylander in Maple Leafs zone.
14:21 of 1st period - Slapshot by William Nylander.
14:21 of 1st period - Stopped by Laurent Brossoit with a rebound.
14:23 of 1st period - Snap shot by William Nylander.
14:23 of 1st period - Shot Blocked by Chris Kreider.
14:25 of 1st period - Slapshot by Jonathan Marchessault.
14:25 of 1st period - Shot Blocked by Justin Holl.
14:27 of 1st period - Snap shot by Dylan Strome.
14:27 of 1st period - Shot Hit the Post.
14:43 of 1st period - Wrist shot by Dylan Strome.
14:43 of 1st period - Stopped by Laurent Brossoit with a rebound.
14:45 of 1st period - Snap shot by Jonathan Marchessault.
14:45 of 1st period - Shot Blocked by Nathan MacKinnon.
14:47 of 1st period - Backhand shot by William Nylander.
14:47 of 1st period - Stopped by Laurent Brossoit without a rebound.
14:48 of 1st period - Nick Suzuki wins face-off versus Pierre-Luc Dubois in Flyers zone.
15:24 of 1st period - Snap shot by Nicklas Backstrom.
15:24 of 1st period - Shot Misses the Net.
15:26 of 1st period - Snap shot by Jason Spezza.
15:26 of 1st period - Shot Misses the Net.
15:28 of 1st period - Snap shot by Calle Jarnkrok.
15:28 of 1st period - Stopped by Laurent Brossoit without a rebound.
15:29 of 1st period - Pierre-Luc Dubois wins face-off versus Will Smith in Flyers zone.
15:56 of 1st period - Nicklas Backstrom is hit by Conor Sheary and loses puck.
16:17 of 1st period - Carter Verhaeghe is hit by Eric Robinson and loses puck.
16:50 of 1st period - Wrist shot by Nathan MacKinnon.
16:50 of 1st period - Stopped by Marc-Andre Fleury with a rebound.
16:59 of 1st period - Off-side.
17:00 of 1st period - Will Smith wins face-off versus Pierre-Luc Dubois in neutral zone.
17:07 of 1st period - Wrist shot by Travis Konecny.
17:07 of 1st period - Stopped by Marc-Andre Fleury without a rebound.
17:08 of 1st period - Jordan Martinook wins face-off versus Dylan Strome in Maple Leafs zone.
17:09 of 1st period - Snap shot by Conor Sheary.
17:09 of 1st period - Stopped by Marc-Andre Fleury with a rebound.
17:20 of 1st period - Minor Penalty to William Nylander for Tripping.
17:21 of 1st period - Dawson Mercer wins face-off versus Nathan MacKinnon in Maple Leafs zone.
17:34 of 1st period - Icing by Hampus Lindholm.
17:35 of 1st period - Nathan MacKinnon wins face-off versus Dawson Mercer in Flyers zone.
18:33 of 1st period - Kris Letang is hit by Chris Kreider and loses puck.
19:13 of 1st period - Slapshot by Hampus Lindholm.
19:13 of 1st period - Shot Blocked by Jonathan Marchessault.
19:20 of 1st period - Penalty to William Nylander is over, William Nylander is back on ice.
19:47 of 1st period - Snap shot by Jonathan Marchessault.
19:47 of 1st period - Stopped by Laurent Brossoit without a rebound.
19:48 of 1st period - Nick Suzuki wins face-off versus Pierre-Luc Dubois in Flyers zone.
19:51 of 1st period - Wrist shot by Carter Verhaeghe.
19:51 of 1st period - Stopped by Laurent Brossoit with a rebound.
19:53 of 1st period - Slapshot by Sean Durzi.
19:53 of 1st period - Shot Misses the Net.
Goals for this period are 0 for Flyers vs 1 for Maple Leafs.
Shots for this period are 9 for Flyers vs 13 for Maple Leafs.

2nd period


0:01 of 2nd period - Conor Sheary wins face-off versus Dylan Strome in neutral zone.
0:01 of 2nd period - Jordan Martinook is hit by Jonathan Marchessault and loses puck.
0:26 of 2nd period - Jake Walman is hit by Carter Verhaeghe and loses puck.
1:07 of 2nd period - Jake Walman is hit by Kris Letang and loses puck.
1:33 of 2nd period - Snap shot by Jonathan Marchessault.
1:33 of 2nd period - Stopped by Laurent Brossoit with a rebound.
1:53 of 2nd period - Snap shot by Carter Verhaeghe.
1:53 of 2nd period - Deflect By Nick Suzuki.
1:53 of 2nd period - Shot Misses the Net.
1:53 of 2nd period - Puck is out of play.
1:54 of 2nd period - Jordan Martinook wins face-off versus Nick Suzuki in Flyers zone.
1:54 of 2nd period - Jordan Martinook is hit by Nick Suzuki.
2:12 of 2nd period - Snap shot by Conor Sheary.
2:12 of 2nd period - Shot Blocked by Sean Durzi.
2:20 of 2nd period - Minor Penalty to Ryan Graves for Delaying the game.
2:21 of 2nd period - Dylan Strome wins face-off versus Pierre-Luc Dubois in Maple Leafs zone.
2:29 of 2nd period - Wrist shot by J.T. Compher.
2:29 of 2nd period - Shot Misses the Net.
3:01 of 2nd period - Snap shot by Nathan MacKinnon.
3:01 of 2nd period - Shot Misses the Net.
3:03 of 2nd period - Wrist shot by Nathan MacKinnon.
3:03 of 2nd period - Deflect By Chris Kreider.
3:03 of 2nd period - Stopped by Marc-Andre Fleury with a rebound.
4:20 of 2nd period - Penalty to Ryan Graves is over, Ryan Graves is back on ice.
4:29 of 2nd period - Minor Penalty to Ross Colton for Tripping.
4:30 of 2nd period - William Nylander wins face-off versus Nathan MacKinnon in Maple Leafs zone.
4:56 of 2nd period - Icing by Ryan Suter.
4:57 of 2nd period - Dylan Strome wins face-off versus Nathan MacKinnon in Flyers zone.
5:05 of 2nd period - Icing by Hampus Lindholm.
5:06 of 2nd period - Nathan MacKinnon wins face-off versus Dylan Strome in Flyers zone.
5:37 of 2nd period - Snap shot by Evgeni Malkin.
5:37 of 2nd period - Shot Misses the Net.
5:39 of 2nd period - Slapshot by Nathan MacKinnon.
5:39 of 2nd period - Shot Misses the Net.
5:41 of 2nd period - Wrist shot by Evgeni Malkin.
5:41 of 2nd period - Shot Blocked by Kris Letang.
5:43 of 2nd period - Slapshot by Hampus Lindholm.
5:43 of 2nd period - Goal by Hampus Lindholm - Flyers : 1 - Maple Leafs : 1.
5:44 of 2nd period - Dylan Strome wins face-off versus Pierre-Luc Dubois in neutral zone.
5:53 of 2nd period - Snap shot by Travis Konecny.
5:53 of 2nd period - Goal by Travis Konecny - Flyers : 2 - Maple Leafs : 1.
5:54 of 2nd period - Dylan Strome wins face-off versus Pierre-Luc Dubois in neutral zone.
5:57 of 2nd period - Slapshot by Jonathan Marchessault.
5:57 of 2nd period - Shot Blocked by J.T. Compher.
6:27 of 2nd period - Carter Verhaeghe is hit by Ryan Suter and loses puck.
6:36 of 2nd period - Snap shot by Conor Sheary.
6:36 of 2nd period - Shot Misses the Net.
6:38 of 2nd period - Slapshot by Ryan Suter.
6:38 of 2nd period - Shot Misses the Net.
7:37 of 2nd period - Minor Penalty to Dylan Strome for Hooking.
7:38 of 2nd period - Dawson Mercer wins face-off versus Pierre-Luc Dubois in Maple Leafs zone.
8:04 of 2nd period - Chris Kreider is hit by Nick Suzuki and loses puck.
9:37 of 2nd period - Penalty to Dylan Strome is over, Dylan Strome is back on ice.
9:48 of 2nd period - Snap shot by Conor Sheary.
9:48 of 2nd period - Stopped by Marc-Andre Fleury without a rebound.
9:49 of 2nd period - Jordan Martinook wins face-off versus Will Smith in Maple Leafs zone.
9:50 of 2nd period - Wrist shot by Conor Sheary.
9:50 of 2nd period - Shot Misses the Net.
9:52 of 2nd period - Slapshot by Scott Mayfield.
9:52 of 2nd period - Stopped by Marc-Andre Fleury without a rebound.
9:53 of 2nd period - Will Smith wins face-off versus Jordan Martinook in Maple Leafs zone.
9:53 of 2nd period - Will Smith is hit by Jordan Martinook.
10:07 of 2nd period - Snap shot by Conor Sheary.
10:07 of 2nd period - Stopped by Marc-Andre Fleury with a rebound.
10:09 of 2nd period - Wrist shot by Evgenii Dadonov.
10:09 of 2nd period - Stopped by Marc-Andre Fleury with a rebound.
10:46 of 2nd period - Wrist shot by Nick Suzuki.
10:46 of 2nd period - Stopped by Laurent Brossoit with a rebound.
10:48 of 2nd period - Snap shot by Ryan Graves.
10:48 of 2nd period - Shot Misses the Net.
11:24 of 2nd period - Conor Sheary is hit by Dawson Mercer and loses puck.
12:44 of 2nd period - Slapshot by Dawson Mercer.
12:44 of 2nd period - Shot Misses the Net.
12:46 of 2nd period - Slapshot by Ryan Graves.
12:46 of 2nd period - Deflect By Emil Bemstrom.
12:46 of 2nd period - Stopped by Laurent Brossoit with a rebound.
13:04 of 2nd period - Snap shot by William Nylander.
13:04 of 2nd period - Stopped by Laurent Brossoit with a rebound.
13:06 of 2nd period - Slapshot by Kris Letang.
13:06 of 2nd period - Shot Blocked by Travis Konecny.
13:20 of 2nd period - Carter Verhaeghe is hit by Chris Kreider and loses puck.
13:25 of 2nd period - Snap shot by Nathan MacKinnon.
13:25 of 2nd period - Stopped by Marc-Andre Fleury with a rebound.
13:27 of 2nd period - Snap shot by Evgeni Malkin.
13:27 of 2nd period - Shot Misses the Net.
13:29 of 2nd period - Slapshot by Jake Walman.
13:29 of 2nd period - Stopped by Marc-Andre Fleury without a rebound.
13:30 of 2nd period - Will Smith wins face-off versus Jordan Martinook in Maple Leafs zone.
13:30 of 2nd period - Will Smith is hit by Jordan Martinook.
13:43 of 2nd period - Jake Bean is hit by Evgenii Dadonov.
14:06 of 2nd period - Snap shot by William Nylander.
14:06 of 2nd period - Shot Blocked by Travis Konecny.
14:22 of 2nd period - Wrist shot by Nicklas Backstrom.
14:22 of 2nd period - Stopped by Laurent Brossoit with a rebound.
14:28 of 2nd period - Kris Letang is hit by Travis Konecny and loses puck.
14:41 of 2nd period - Snap shot by Travis Konecny.
14:41 of 2nd period - Goal by Travis Konecny - Flyers : 3 - Maple Leafs : 1.
14:42 of 2nd period - Dylan Strome wins face-off versus Jordan Martinook in neutral zone.
14:53 of 2nd period - Wrist shot by Jonathan Marchessault.
14:53 of 2nd period - Deflect By Dylan Strome.
14:53 of 2nd period - Stopped by Laurent Brossoit with a rebound.
14:55 of 2nd period - Slapshot by Andrew Peeke.
14:55 of 2nd period - Stopped by Laurent Brossoit without a rebound.
14:56 of 2nd period - Nick Suzuki wins face-off versus Nathan MacKinnon in Flyers zone.
14:57 of 2nd period - Wrist shot by Carter Verhaeghe.
14:57 of 2nd period - Shot Blocked by Chris Kreider.
15:22 of 2nd period - Ryan Suter is hit by William Nylander and loses puck.
15:29 of 2nd period - Slapshot by Jonathan Marchessault.
15:29 of 2nd period - Stopped by Laurent Brossoit without a rebound.
15:30 of 2nd period - Jordan Martinook wins face-off versus Dylan Strome in Flyers zone.
15:30 of 2nd period - Jordan Martinook is hit by Dylan Strome.
16:28 of 2nd period - Slapshot by Nathan MacKinnon.
16:28 of 2nd period - Deflect By Ross Colton.
16:28 of 2nd period - Stopped by Marc-Andre Fleury without a rebound.
16:29 of 2nd period - Jordan Martinook wins face-off versus Dylan Strome in Maple Leafs zone.
16:43 of 2nd period - Dylan Strome is hit by Ryan Suter and loses puck.
16:54 of 2nd period - Travis Konecny is hit by Carter Verhaeghe and loses puck.
17:25 of 2nd period - Snap shot by Dawson Mercer.
17:25 of 2nd period - Stopped by Laurent Brossoit with a rebound.
17:41 of 2nd period - Snap shot by Conor Sheary.
17:41 of 2nd period - Shot Blocked by Ryan Graves.
17:51 of 2nd period - Jordan Martinook is hit by Nicklas Backstrom.
18:43 of 2nd period - Ryan Suter is hit by Dawson Mercer and loses puck.
19:08 of 2nd period - Icing by Dylan Strome.
19:09 of 2nd period - Dylan Strome wins face-off versus Jordan Martinook in Maple Leafs zone.
19:12 of 2nd period - Snap shot by Conor Sheary.
19:12 of 2nd period - Deflect By Dylan Strome.
19:12 of 2nd period - Shot Misses the Net.
19:12 of 2nd period - Puck is out of play.
19:13 of 2nd period - Dylan Strome wins face-off versus Jordan Martinook in Maple Leafs zone.
19:40 of 2nd period - Wrist shot by Travis Konecny.
19:40 of 2nd period - Shot Misses the Net.
19:42 of 2nd period - Wrist shot by Jake Walman.
19:42 of 2nd period - Stopped by Marc-Andre Fleury with a rebound.
19:44 of 2nd period - Snap shot by J.T. Compher.
19:44 of 2nd period - Stopped by Marc-Andre Fleury without a rebound.
19:45 of 2nd period - Pierre-Luc Dubois wins face-off versus Nick Suzuki in Maple Leafs zone.
19:58 of 2nd period - Snap shot by Nick Suzuki.
19:58 of 2nd period - Goal by Nick Suzuki - Flyers : 3 - Maple Leafs : 2.
19:59 of 2nd period - Dylan Strome wins face-off versus Jordan Martinook in neutral zone.
Goals for this period are 3 for Flyers vs 1 for Maple Leafs.
Shots for this period are 13 for Flyers vs 10 for Maple Leafs.

3rd period


0:01 of 3rd period - Jordan Martinook wins face-off versus Dylan Strome in neutral zone.
0:08 of 3rd period - Wrist shot by Conor Sheary.
0:08 of 3rd period - Shot Blocked by Morgan Rielly.
0:10 of 3rd period - Wrist shot by Jordan Martinook.
0:10 of 3rd period - Stopped by Marc-Andre Fleury with a rebound.
0:12 of 3rd period - Wrist shot by Evgenii Dadonov.
0:12 of 3rd period - Deflect By Dylan Strome.
0:12 of 3rd period - Shot Misses the Net.
0:12 of 3rd period - Puck is out of play.
0:13 of 3rd period - Dylan Strome wins face-off versus Pierre-Luc Dubois in Maple Leafs zone.
0:13 of 3rd period - Dylan Strome is hit by Pierre-Luc Dubois.
0:39 of 3rd period - Hampus Lindholm is hit by Michael Bunting and loses puck.
0:48 of 3rd period - Snap shot by Conor Sheary.
0:48 of 3rd period - Shot Blocked by Michael Bunting.
1:04 of 3rd period - Wrist shot by Calle Jarnkrok.
1:04 of 3rd period - Goal by Calle Jarnkrok - Flyers : 3 - Maple Leafs : 3.
1:05 of 3rd period - Dylan Strome wins face-off versus Pierre-Luc Dubois in neutral zone.
1:10 of 3rd period - Snap shot by William Nylander.
1:10 of 3rd period - Stopped by Laurent Brossoit with a rebound.
1:18 of 3rd period - William Nylander is hit by Travis Konecny.
1:30 of 3rd period - Nick Suzuki is hit by Chris Kreider and loses puck.
1:35 of 3rd period - Wrist shot by Evgeni Malkin.
1:35 of 3rd period - Stopped by Marc-Andre Fleury without a rebound.
1:36 of 3rd period - Nick Suzuki wins face-off versus Nathan MacKinnon in Maple Leafs zone.
1:36 of 3rd period - Nick Suzuki is hit by Chris Kreider.
1:39 of 3rd period - Icing by Kris Letang.
1:40 of 3rd period - Nick Suzuki wins face-off versus Nathan MacKinnon in Maple Leafs zone.
2:15 of 3rd period - Wrist shot by Dylan Strome.
2:15 of 3rd period - Shot Hit the Post.
2:17 of 3rd period - Snap shot by William Nylander.
2:17 of 3rd period - Stopped by Laurent Brossoit without a rebound.
2:18 of 3rd period - Pierre-Luc Dubois wins face-off versus Dylan Strome in Flyers zone.
2:18 of 3rd period - Travis Konecny is hit by Dylan Strome and loses puck.
2:30 of 3rd period - Slapshot by Ryan Graves.
2:30 of 3rd period - Shot Misses the Net.
2:32 of 3rd period - Backhand shot by Sean Durzi.
2:32 of 3rd period - Stopped by Laurent Brossoit without a rebound.
2:33 of 3rd period - Nick Suzuki wins face-off versus Jordan Martinook in Flyers zone.
2:40 of 3rd period - Snap shot by Michael Bunting.
2:40 of 3rd period - Stopped by Laurent Brossoit with a rebound.
2:42 of 3rd period - Slapshot by Carter Verhaeghe.
2:42 of 3rd period - Shot Blocked by Ryan Suter.
2:44 of 3rd period - Slapshot by Andrew Peeke.
2:44 of 3rd period - Stopped by Laurent Brossoit with a rebound.
2:46 of 3rd period - Slapshot by Andrew Peeke.
2:46 of 3rd period - Stopped by Laurent Brossoit without a rebound.
2:47 of 3rd period - Pierre-Luc Dubois wins face-off versus Dylan Strome in Flyers zone.
2:52 of 3rd period - Ryan Graves is hit by Pierre-Luc Dubois and loses puck.
3:13 of 3rd period - Scott Mayfield is hit by Nick Suzuki and loses puck.
3:24 of 3rd period - Snap shot by Nathan MacKinnon.
3:24 of 3rd period - Stopped by Marc-Andre Fleury with a rebound.
3:42 of 3rd period - Snap shot by Emil Bemstrom.
3:42 of 3rd period - Shot Misses the Net.
3:44 of 3rd period - Slapshot by Jamie Oleksiak.
3:44 of 3rd period - Shot Blocked by Ryan Graves.
3:46 of 3rd period - Slapshot by Jamie Oleksiak.
3:46 of 3rd period - Stopped by Marc-Andre Fleury without a rebound.
3:47 of 3rd period - Jordan Martinook wins face-off versus Dylan Strome in Maple Leafs zone.
3:54 of 3rd period - Snap shot by Jordan Martinook.
3:54 of 3rd period - Shot Blocked by Morgan Rielly.
3:58 of 3rd period - Wrist shot by Jordan Martinook.
3:58 of 3rd period - Shot Misses the Net.
4:00 of 3rd period - Slapshot by Evgenii Dadonov.
4:00 of 3rd period - Goal by Evgenii Dadonov - Flyers : 4 - Maple Leafs : 3.
4:01 of 3rd period - Dylan Strome wins face-off versus Pierre-Luc Dubois in neutral zone.
4:47 of 3rd period - Snap shot by Calle Jarnkrok.
4:47 of 3rd period - Stopped by Laurent Brossoit with a rebound.
4:53 of 3rd period - Ryan Suter is hit by Jason Spezza and loses puck.
6:16 of 3rd period - Jake Bean is hit by Justin Holl and loses puck.
7:56 of 3rd period - Craig Smith is hit by Dylan Strome and loses puck.
8:18 of 3rd period - Slapshot by Kris Letang.
8:18 of 3rd period - Stopped by Laurent Brossoit with a rebound.
8:40 of 3rd period - Conor Sheary is hit by Calle Jarnkrok and loses puck.
8:59 of 3rd period - Ross Colton is hit by Nathan MacKinnon and loses puck.
9:22 of 3rd period - Snap shot by Will Smith.
9:22 of 3rd period - Shot Misses the Net.
9:24 of 3rd period - Slapshot by Sean Durzi.
9:24 of 3rd period - Deflect By William Nylander.
9:24 of 3rd period - Shot Blocked by Jamie Oleksiak.
9:24 of 3rd period - Puck is out of play.
9:25 of 3rd period - Dylan Strome wins face-off versus Jordan Martinook in Flyers zone.
9:57 of 3rd period - Carter Verhaeghe is hit by Pierre-Luc Dubois and loses puck.
10:54 of 3rd period - Snap shot by Nicklas Backstrom.
10:54 of 3rd period - Stopped by Laurent Brossoit without a rebound.
10:55 of 3rd period - Jordan Martinook wins face-off versus Dylan Strome in Flyers zone.
11:05 of 3rd period - Minor Penalty to Dylan Strome for Holding.
11:06 of 3rd period - William Nylander wins face-off versus Pierre-Luc Dubois in Maple Leafs zone.
11:40 of 3rd period - Snap shot by Evgeni Malkin.
11:40 of 3rd period - Stopped by Marc-Andre Fleury without a rebound.
11:41 of 3rd period - Dawson Mercer wins face-off versus Nathan MacKinnon in Maple Leafs zone.
11:49 of 3rd period - Off-side.
11:50 of 3rd period - William Nylander wins face-off versus Nathan MacKinnon in neutral zone.
12:03 of 3rd period - Snap shot by Evgeni Malkin.
12:03 of 3rd period - Stopped by Marc-Andre Fleury without a rebound.
12:04 of 3rd period - Nick Suzuki wins face-off versus Pierre-Luc Dubois in Maple Leafs zone.
12:04 of 3rd period - Nick Suzuki is hit by Pierre-Luc Dubois.
12:20 of 3rd period - Wrist shot by Pierre-Luc Dubois.
12:20 of 3rd period - Shot Blocked by William Nylander.
13:05 of 3rd period - Penalty to Dylan Strome is over, Dylan Strome is back on ice.
13:10 of 3rd period - Dylan Strome is hit by Nathan MacKinnon and loses puck.
13:43 of 3rd period - Snap shot by Craig Smith.
13:43 of 3rd period - Deflect By Emil Bemstrom.
13:43 of 3rd period - Stopped by Marc-Andre Fleury with a rebound.
13:45 of 3rd period - Snap shot by Craig Smith.
13:45 of 3rd period - Shot Misses the Net.
13:47 of 3rd period - Slapshot by Justin Holl.
13:47 of 3rd period - Stopped by Marc-Andre Fleury with a rebound.
13:49 of 3rd period - Snap shot by Emil Bemstrom.
13:49 of 3rd period - Stopped by Marc-Andre Fleury with a rebound.
13:51 of 3rd period - Slapshot by Jake Walman.
13:51 of 3rd period - Shot Misses the Net.
14:45 of 3rd period - Off-side.
14:46 of 3rd period - Dylan Strome wins face-off versus Evgeni Malkin in neutral zone.
14:53 of 3rd period - Sean Durzi is hit by Chris Kreider and loses puck.
15:12 of 3rd period - Ryan Graves is hit by Jordan Martinook and loses puck.
15:19 of 3rd period - Slapshot by Jordan Martinook.
15:19 of 3rd period - Stopped by Marc-Andre Fleury without a rebound.
15:20 of 3rd period - Jordan Martinook wins face-off versus Will Smith in Maple Leafs zone.
15:41 of 3rd period - Minor Penalty to Jordan Martinook for Elbowing.
15:42 of 3rd period - Conor Sheary wins face-off versus William Nylander in Flyers zone.
15:51 of 3rd period - Slapshot by Morgan Rielly.
15:51 of 3rd period - Stopped by Laurent Brossoit without a rebound.
15:52 of 3rd period - Emil Bemstrom wins face-off versus William Nylander in Flyers zone.
15:59 of 3rd period - Snap shot by Jamie Oleksiak.
15:59 of 3rd period - Stopped by Marc-Andre Fleury without a rebound.
16:00 of 3rd period - Dylan Strome wins face-off versus Evgenii Dadonov in Maple Leafs zone.
16:33 of 3rd period - Snap shot by Conor Sheary.
16:33 of 3rd period - Shot Misses the Net.
17:41 of 3rd period - Penalty to Jordan Martinook is over, Jordan Martinook is back on ice.
17:46 of 3rd period - Emil Bemstrom is hit by Ryan Graves and loses puck.
17:53 of 3rd period - Slapshot by Scott Mayfield.
17:53 of 3rd period - Shot Blocked by Ryan Graves.
17:55 of 3rd period - Slapshot by Jamie Oleksiak.
17:55 of 3rd period - Stopped by Marc-Andre Fleury with a rebound.
17:57 of 3rd period - Slapshot by Justin Holl.
17:57 of 3rd period - Deflect By Emil Bemstrom.
17:57 of 3rd period - Stopped by Marc-Andre Fleury with a rebound.
17:59 of 3rd period - Slapshot by Jake Walman.
17:59 of 3rd period - Shot Misses the Net.
18:36 of 3rd period - Dawson Mercer is hit by Emil Bemstrom and loses puck.
18:53 of 3rd period - Jake Walman is hit by Andrew Peeke and loses puck.
19:02 of 3rd period - Jake Bean is hit by Scott Mayfield.
19:11 of 3rd period - Dawson Mercer is hit by Jake Walman.
19:32 of 3rd period - Backhand shot by Jake Walman.
19:32 of 3rd period - Shot Blocked by Ross Colton.
19:34 of 3rd period - Snap shot by Jordan Martinook.
19:34 of 3rd period - Shot Misses the Net.
19:36 of 3rd period - Slapshot by Scott Mayfield.
19:36 of 3rd period - Stopped by Marc-Andre Fleury without a rebound.
19:37 of 3rd period - call a timeout for Maple Leafs.
19:37 of 3rd period - Nathan MacKinnon wins face-off versus William Nylander in Maple Leafs zone.
19:48 of 3rd period - Wrist shot by Chris Kreider.
19:48 of 3rd period - Stopped by Marc-Andre Fleury with a rebound.
19:56 of 3rd period - Evgeni Malkin is hit by Kris Letang and loses puck.
19:59 of 3rd period - Maple Leafs, Marc-Andre Fleury is pulled from the net.
Goals for this period are 1 for Flyers vs 1 for Maple Leafs.
Shots for this period are 16 for Flyers vs 11 for Maple Leafs.